[ PARTIDA AOE2 · #465142983 ]
UnrankedPersas vs Incas
[ ANÁLISIS DE REPETICIÓN · EXTRAÍDO DE LA PARTIDA GRABADA ]
Feudal
8:31
Castillos
26:16
Imperial
—
| APM promedio | 34.4 |
| APM pico | 106 |
| eAPM promedio | 19.2 |
| Aldeanos / militares | 78 / 136 |
Foco
⚔️ 42.7% · 🌾 57.3%
Scout Cavalry ×92 · Knight ×44
Feudal
9:00
Castillos
21:41
Imperial
37:30
| APM promedio | 57.6 |
| APM pico | 129 |
| eAPM promedio | 21.8 |
| Aldeanos / militares | 63 / 105 |
Foco
⚔️ 46.8% · 🌾 53.2%
Archer ×87 · Skirmisher ×18
Feudal
10:43
Castillos
14:19
Imperial
—
| APM promedio | 19.2 |
| APM pico | 63 |
| eAPM promedio | 13.0 |
| Aldeanos / militares | 110 / 26 |
Foco
⚔️ 20.8% · 🌾 79.2%
Spearman ×26
Feudal
11:10
Castillos
15:09
Imperial
31:56
| APM promedio | 29.6 |
| APM pico | 71 |
| eAPM promedio | 15.7 |
| Aldeanos / militares | 104 / 33 |
Foco
⚔️ 24.4% · 🌾 75.6%
Mameluke ×20 · Mangonel ×6 · Battering Ram ×4 · Trebuchet (Packed) ×3
Feudal
10:56
Castillos
13:36
Imperial
—
| APM promedio | 38.7 |
| APM pico | 100 |
| eAPM promedio | 24.8 |
| Aldeanos / militares | 104 / 1 |
Foco
⚔️ 17.7% · 🌾 82.3%
Mangonel ×1
Feudal
9:41
Castillos
13:11
Imperial
29:41
| APM promedio | 94.8 |
| APM pico | 228 |
| eAPM promedio | 64.8 |
| Aldeanos / militares | 167 / 127 |
Foco
⚔️ 69.4% · 🌾 30.6%
Spearman ×99 · Battering Ram ×16 · Mangonel ×9 · Monk ×3
Feudal
8:57
Castillos
16:53
Imperial
—
| APM promedio | 51.2 |
| APM pico | 102 |
| eAPM promedio | 28.9 |
| Aldeanos / militares | 127 / 81 |
Foco
⚔️ 24.5% · 🌾 75.5%
Shrivamsha Rider ×50 · Armored Elephant ×25 · Monk ×6
Feudal
11:37
Castillos
15:33
Imperial
36:01
| APM promedio | 24.2 |
| APM pico | 43 |
| eAPM promedio | 13.3 |
| Aldeanos / militares | 89 / 91 |
Foco
⚔️ 27.6% · 🌾 72.4%
Rattan Archer ×81 · Petard ×6 · Mangonel ×4
Mapa de la partida
Recursos iniciales + cada clic de construcción. Líneas = muros · curvas = relieve. ◆ oro · ⬟ piedra · ● bayas · ✦ reliquia · ◌ hueco del cierre
Tu base· ✓ Cerrada en 26:16 · 0t muro · 2 puerta(s)
Base de Boomnoob· ✓ Cerrada en 21:41 · 24t muro · 2 puerta(s)
Base de Barry's uncle· ✓ Cerrada en 14:19 · 0t muro · 2 puerta(s)
Base de EL MAYA· ✓ Cerrada en 15:09 · 0t muro · 2 puerta(s)
Base de a_berntsen· ✓ Cerrada en 13:36 · 0t muro · 2 puerta(s)
Base de StonePleaseAoE· ✓ Cerrada en 13:11 · 15t muro · 3 puerta(s)
Base de araña mela del burro· ✓ Cerrada en 16:53 · 0t muro · 3 puerta(s)
Base de AncientKing· ✓ Cerrada en 15:33 · 0t muro · 3 puerta(s)
Terreno inicial suavizado · ◌ = hueco del cierre detectado · pasá el cursor para detalles
Inputs por minuto
— MANQUELINI - - Boomnoob
Build order — MANQUELINI
Primeras 150 de 367 acciones detectadas
| 0:02 | Crear | Villager (Male) |
| 0:02 | Crear | Villager (Male) |
| 0:04 | Construir | House |
| 0:06 | Construir | House |
| 0:42 | Crear | Villager (Male) |
| 0:43 | Crear | Villager (Male) |
| 0:43 | Crear | Villager (Male) |
| 0:43 | Crear | Villager (Male) |
| 1:41 | Construir | Lumber Camp |
| 1:48 | Crear | Villager (Male) |
| 2:25 | Crear | Villager (Male) |
| 2:26 | Crear | Villager (Male) |
| 2:26 | Crear | Villager (Male) |
| 3:15 | Crear | Villager (Male) |
| 3:15 | Crear | Villager (Male) |
| 3:16 | Crear | Villager (Male) |
| 3:26 | Construir | House |
| 3:32 | Construir | House |
| 3:54 | Construir | Mill |
| 4:02 | Crear | Villager (Male) |
| 4:20 | Crear | Villager (Male) |
| 4:44 | Crear | Villager (Male) |
| 4:44 | Crear | Villager (Male) |
| 4:45 | Crear | Villager (Male) |
| 4:45 | Crear | Villager (Male) |
| 4:51 | Crear | Villager (Male) |
| 6:03 | Crear | Villager (Male) |
| 6:20 | Investigar | Feudal Age |
| 7:21 | Construir | Mill |
| 8:06 | Crear | Villager (Male) |
| 8:16 | Construir | House |
| 8:23 | Construir | House |
| 8:28 | Construir | Barracks |
| 8:31 | Edad | Edad Feudal |
| 8:40 | Investigar | Double-Bit Axe |
| 9:04 | Crear | Villager (Male) |
| 9:12 | Construir | Farm |
| 9:16 | Construir | Farm |
| 9:22 | Crear | Villager (Male) |
| 9:29 | Construir | Farm |
| 9:34 | Construir | Farm |
| 9:36 | Crear | Villager (Male) |
| 9:43 | Construir | House |
| 9:48 | Construir | House |
| 9:50 | Construir | House |
| 9:54 | Construir | House |
| 10:06 | Construir | Farm |
| 10:08 | Crear | Villager (Male) |
| 10:24 | Construir | Farm |
| 10:27 | Crear | Villager (Male) |
| 10:52 | Construir | Farm |
| 10:54 | Crear | Villager (Male) |
| 11:04 | Construir | Farm |
| 11:15 | Crear | Villager (Male) |
| 11:17 | Crear | Villager (Male) |
| 11:18 | Crear | Villager (Male) |
| 11:31 | Construir | Stable |
| 12:03 | Investigar | Horse Collar |
| 12:23 | Crear | Villager (Male) |
| 12:24 | Crear | Villager (Male) |
| 12:26 | Crear | Scout Cavalry |
| 12:26 | Crear | Scout Cavalry |
| 12:33 | Construir | Stable |
| 13:04 | Crear | Scout Cavalry |
| 13:13 | Construir | Blacksmith |
| 13:16 | Crear | Villager (Male) |
| 13:17 | Crear | Villager (Male) |
| 13:32 | Crear | Scout Cavalry |
| 13:38 | Crear | Scout Cavalry |
| 13:39 | Crear | Scout Cavalry |
| 13:42 | Crear | Villager (Male) |
| 14:11 | Construir | Farm |
| 14:15 | Construir | Farm |
| 14:17 | Crear | Villager (Male) |
| 14:18 | Crear | Scout Cavalry |
| 14:18 | Crear | Scout Cavalry |
| 14:26 | Construir | House |
| 14:27 | Crear | Villager (Male) |
| 14:33 | Construir | Farm |
| 14:39 | Construir | Farm |
| 14:45 | Construir | Farm |
| 14:47 | Construir | Farm |
| 14:48 | Crear | Villager (Male) |
| 14:50 | Crear | Scout Cavalry |
| 14:51 | Crear | Scout Cavalry |
| 14:57 | Construir | Farm |
| 14:58 | Construir | Farm |
| 14:58 | Construir | Farm |
| 15:05 | Construir | Farm |
| 15:07 | Construir | House |
| 15:10 | Construir | House |
| 15:12 | Crear | Scout Cavalry |
| 15:12 | Crear | Scout Cavalry |
| 15:24 | Crear | Scout Cavalry |
| 15:30 | Crear | Scout Cavalry |
| 15:44 | Crear | Villager (Male) |
| 15:54 | Construir | House |
| 15:59 | Construir | House |
| 16:02 | Crear | Scout Cavalry |
| 16:02 | Crear | Scout Cavalry |
| 16:13 | Crear | Villager (Male) |
| 16:22 | Crear | Scout Cavalry |
| 16:22 | Crear | Scout Cavalry |
| 16:33 | Construir | Farm |
| 16:33 | Construir | Farm |
| 16:35 | Construir | Farm |
| 16:35 | Construir | Farm |
| 16:38 | Crear | Villager (Male) |
| 16:40 | Crear | Scout Cavalry |
| 16:40 | Crear | Scout Cavalry |
| 16:54 | Crear | Scout Cavalry |
| 16:55 | Crear | Scout Cavalry |
| 16:57 | Crear | Villager (Male) |
| 17:32 | Investigar | Wheelbarrow |
| 17:37 | Crear | Scout Cavalry |
| 17:40 | Investigar | Scale Barding Armor |
| 17:40 | Investigar | Forging |
| 17:49 | Construir | Stable |
| 17:52 | Construir | Stable |
| 18:02 | Construir | Farm |
| 18:02 | Construir | Farm |
| 18:02 | Construir | Farm |
| 18:03 | Construir | Farm |
| 18:03 | Construir | Farm |
| 18:03 | Construir | Farm |
| 18:03 | Construir | Farm |
| 18:04 | Construir | Farm |
| 18:04 | Construir | Farm |
| 18:04 | Construir | Farm |
| 18:04 | Construir | Farm |
| 18:18 | Construir | Farm |
| 18:22 | Crear | Villager (Male) |
| 18:22 | Crear | Villager (Male) |
| 18:24 | Crear | Scout Cavalry |
| 18:25 | Crear | Scout Cavalry |
| 18:25 | Crear | Scout Cavalry |
| 18:33 | Investigar | Forging |
| 18:40 | Construir | Farm |
| 19:21 | Crear | Villager (Male) |
| 19:22 | Crear | Villager (Male) |
| 20:17 | Crear | Villager (Male) |
| 20:17 | Crear | Villager (Male) |
| 20:17 | Crear | Villager (Male) |
| 20:23 | Investigar | Bloodlines |
| 20:35 | Construir | Mining Camp |
| 21:32 | Construir | Market |
| 21:34 | Crear | Villager (Male) |
| 21:34 | Crear | Villager (Male) |
| 21:34 | Crear | Villager (Male) |
| 21:35 | Crear | Villager (Male) |
Build order — Boomnoob
Primeras 150 de 255 acciones detectadas
| 0:01 | Crear | Villager (Male) ×4 |
| 0:03 | Construir | House |
| 0:20 | Construir | House |
| 0:21 | Construir | House |
| 0:22 | Construir | House |
| 1:15 | Crear | Villager (Male) |
| 2:07 | Crear | Villager (Male) |
| 2:07 | Crear | Villager (Male) |
| 2:27 | Crear | Villager (Male) |
| 2:54 | Crear | Villager (Male) |
| 2:54 | Crear | Villager (Male) |
| 3:19 | Crear | Villager (Male) |
| 3:19 | Crear | Villager (Male) |
| 3:48 | Crear | Villager (Male) |
| 4:01 | Crear | Villager (Male) |
| 4:28 | Construir | Lumber Camp |
| 4:54 | Crear | Villager (Male) |
| 4:55 | Crear | Villager (Male) |
| 4:55 | Crear | Villager (Male) |
| 6:03 | Construir | Mining Camp |
| 6:18 | Crear | Villager (Male) |
| 6:40 | Crear | Villager (Male) |
| 6:47 | Investigar | Feudal Age |
| 7:34 | Crear | Villager (Male) |
| 7:34 | Crear | Villager (Male) |
| 7:34 | Crear | Villager (Male) |
| 8:25 | Construir | Barracks |
| 8:27 | Construir | House |
| 9:00 | Edad | Edad Feudal |
| 9:23 | Construir | House |
| 9:24 | Construir | House |
| 9:31 | Construir | Archery Range |
| 9:53 | Construir | Archery Range |
| 10:12 | Crear | Villager (Male) |
| 10:14 | Crear | Villager (Male) |
| 10:19 | Construir | Mill |
| 10:35 | Crear | Villager (Male) |
| 10:47 | Construir | House |
| 10:49 | Construir | House |
| 10:55 | Construir | Stone Wall |
| 10:56 | Construir | Stone Wall |
| 10:58 | Construir | Stone Wall |
| 11:01 | Crear | Archer |
| 11:01 | Crear | Archer |
| 11:26 | Investigar | Horse Collar |
| 11:31 | Crear | Villager (Male) |
| 11:39 | Crear | Archer |
| 11:40 | Crear | Archer |
| 12:00 | Construir | Farm |
| 12:00 | Crear | Villager (Male) |
| 12:11 | Crear | Archer |
| 12:11 | Crear | Archer |
| 12:21 | Crear | Villager (Male) |
| 12:22 | Crear | Villager (Male) |
| 12:35 | Construir | Farm |
| 12:58 | Crear | Archer |
| 12:58 | Crear | Archer |
| 12:59 | Crear | Villager (Male) |
| 13:22 | Crear | Archer |
| 13:22 | Crear | Archer |
| 13:38 | Crear | Villager (Male) |
| 13:38 | Crear | Villager (Male) |
| 13:56 | Construir | House |
| 13:59 | Construir | House |
| 14:00 | Construir | House |
| 14:04 | Construir | Stone Wall |
| 14:06 | Crear | Archer |
| 14:06 | Crear | Archer |
| 14:23 | Construir | Farm |
| 14:27 | Crear | Villager (Male) |
| 14:34 | Crear | Archer |
| 14:35 | Crear | Archer |
| 14:53 | Crear | Archer |
| 14:53 | Crear | Archer |
| 14:54 | Crear | Villager (Male) |
| 15:11 | Construir | Farm |
| 15:18 | Crear | Villager (Male) |
| 15:53 | Crear | Archer |
| 15:53 | Crear | Archer |
| 15:54 | Crear | Villager (Male) |
| 16:03 | Construir | Blacksmith |
| 16:04 | Construir | House |
| 16:04 | Construir | House |
| 16:08 | Construir | House |
| 16:13 | Crear | Villager (Male) |
| 16:25 | Crear | Archer |
| 16:26 | Crear | Archer |
| 16:26 | Crear | Villager (Male) |
| 16:59 | Construir | Farm |
| 17:03 | Construir | Farm |
| 17:06 | Crear | Villager (Male) |
| 17:08 | Crear | Villager (Male) |
| 17:26 | Construir | Farm |
| 17:28 | Construir | House |
| 17:31 | Construir | Farm |
| 17:34 | Construir | Farm |
| 17:44 | Crear | Archer |
| 17:44 | Crear | Archer |
| 18:03 | Construir | Lumber Camp |
| 18:10 | Crear | Archer |
| 18:10 | Crear | Archer |
| 18:13 | Crear | Villager (Male) |
| 18:39 | Construir | Farm |
| 18:40 | Construir | Farm |
| 18:54 | Crear | Archer |
| 18:54 | Crear | Archer |
| 19:01 | Investigar | Castle Age |
| 19:03 | Crear | Archer |
| 19:04 | Crear | Archer |
| 19:29 | Construir | Farm |
| 19:32 | Construir | Farm |
| 19:37 | Investigar | Fletching |
| 19:39 | Crear | Archer |
| 19:39 | Crear | Archer |
| 19:39 | Crear | Archer |
| 19:40 | Crear | Archer |
| 20:05 | Crear | Archer |
| 20:05 | Crear | Archer |
| 20:08 | Investigar | Padded Archer Armor |
| 20:08 | Investigar | Padded Archer Armor |
| 21:04 | Crear | Archer |
| 21:05 | Crear | Villager (Male) |
| 21:41 | Edad | Edad de los Castillos |
| 21:57 | Investigar | Crossbowman (upgrade) |
| 21:58 | Investigar | Bodkin Arrow |
| 22:03 | Construir | University |
| 22:05 | Construir | House |
| 22:06 | Construir | House |
| 22:07 | Construir | House |
| 22:08 | Construir | House |
| 22:19 | Construir | Lumber Camp |
| 22:25 | Crear | Archer |
| 22:25 | Crear | Archer |
| 22:37 | Investigar | Ballistics |
| 23:12 | Investigar | Thumb Ring |
| 23:13 | Crear | Archer |
| 23:14 | Crear | Archer |
| 23:19 | Construir | Farm |
| 23:21 | Crear | Villager (Male) |
| 23:37 | Crear | Archer |
| 23:37 | Crear | Archer |
| 24:33 | Crear | Archer |
| 24:33 | Crear | Archer |
| 24:34 | Crear | Archer |
| 24:34 | Crear | Archer |
| 24:35 | Crear | Villager (Male) |
| 24:35 | Crear | Villager (Male) |
| 24:54 | Construir | Archery Range |
| 25:00 | Investigar | Wheelbarrow |
| 25:01 | Investigar | Heavy Plow |
Build order — Barry's uncle
Primeras 150 de 238 acciones detectadas
| 0:01 | Crear | Villager (Male) |
| 0:02 | Crear | Villager (Male) |
| 0:02 | Crear | Villager (Male) |
| 0:03 | Construir | House |
| 0:06 | Construir | House |
| 0:29 | Crear | Villager (Male) |
| 1:26 | Crear | Villager (Male) |
| 1:51 | Construir | Settlement |
| 2:02 | Crear | Villager (Male) |
| 2:31 | Crear | Villager (Male) |
| 2:52 | Crear | Villager (Male) |
| 3:04 | Crear | Villager (Male) |
| 3:34 | Crear | Villager (Male) |
| 3:59 | Crear | Villager (Male) |
| 4:26 | Construir | Settlement |
| 4:30 | Crear | Villager (Male) |
| 4:59 | Crear | Villager (Male) |
| 4:59 | Crear | Villager (Male) |
| 5:21 | Crear | Villager (Male) |
| 5:33 | Crear | Villager (Male) |
| 5:33 | Crear | Villager (Male) |
| 6:47 | Crear | Villager (Male) |
| 6:47 | Crear | Villager (Male) |
| 6:48 | Crear | Villager (Male) |
| 8:33 | Investigar | Feudal Age |
| 9:50 | Crear | Villager (Male) |
| 9:51 | Crear | Villager (Male) |
| 10:43 | Edad | Edad Feudal |
| 10:48 | Construir | Market |
| 10:50 | Construir | Blacksmith |
| 11:39 | Investigar | Castle Age |
| 12:10 | Investigar | Double-Bit Axe |
| 12:31 | Investigar | Horse Collar |
| 12:54 | Construir | Farm |
| 12:56 | Construir | Farm |
| 12:58 | Construir | Farm |
| 13:02 | Construir | Farm |
| 13:04 | Crear | Villager (Male) |
| 13:28 | Crear | Villager (Male) |
| 14:19 | Edad | Edad de los Castillos |
| 14:22 | Construir | Town Center |
| 14:26 | Construir | Town Center |
| 14:37 | Investigar | Bow Saw |
| 15:14 | Investigar | Heavy Plow |
| 15:26 | Crear | Villager (Male) |
| 15:39 | Construir | Farm |
| 15:49 | Construir | Farm |
| 15:53 | Construir | Farm |
| 16:04 | Construir | Farm |
| 16:05 | Crear | Villager (Male) |
| 16:11 | Construir | Farm |
| 16:16 | Construir | Farm |
| 16:20 | Construir | Farm |
| 16:24 | Construir | Farm |
| 16:32 | Construir | Farm |
| 16:35 | Construir | Farm |
| 16:37 | Crear | Villager (Male) |
| 16:43 | Construir | Farm |
| 16:53 | Crear | Villager (Male) |
| 16:57 | Construir | Farm |
| 16:59 | Construir | Farm |
| 17:11 | Crear | Villager (Male) |
| 17:15 | Construir | Farm |
| 17:18 | Crear | Villager (Male) |
| 17:25 | Construir | Farm |
| 17:27 | Crear | Villager (Male) |
| 17:36 | Crear | Villager (Male) |
| 17:42 | Construir | Farm |
| 17:48 | Construir | Farm |
| 17:52 | Crear | Villager (Male) |
| 17:58 | Construir | Farm |
| 17:59 | Crear | Villager (Male) |
| 18:05 | Construir | Farm |
| 18:06 | Crear | Villager (Male) |
| 18:11 | Crear | Villager (Male) |
| 18:22 | Crear | Villager (Male) |
| 18:25 | Construir | Farm |
| 18:29 | Construir | Farm |
| 18:31 | Crear | Villager (Male) |
| 18:38 | Construir | Farm |
| 18:42 | Crear | Villager (Male) |
| 18:42 | Crear | Villager (Male) |
| 18:51 | Crear | Villager (Male) |
| 18:56 | Crear | Villager (Male) |
| 18:58 | Construir | Farm |
| 19:07 | Crear | Villager (Male) |
| 19:13 | Crear | Villager (Male) |
| 19:22 | Construir | Barracks |
| 19:28 | Crear | Villager (Male) |
| 19:28 | Crear | Villager (Male) |
| 19:29 | Crear | Villager (Male) |
| 20:50 | Crear | Villager (Male) |
| 20:50 | Crear | Villager (Male) |
| 20:51 | Crear | Villager (Male) |
| 21:16 | Construir | Town Center |
| 21:27 | Crear | Spearman |
| 21:27 | Crear | Spearman |
| 21:34 | Crear | Spearman |
| 23:02 | Crear | Villager (Male) |
| 23:03 | Crear | Villager (Male) |
| 23:39 | Construir | Settlement |
| 23:44 | Construir | Farm |
| 23:56 | Construir | Farm |
| 24:11 | Construir | Stone Wall |
| 24:23 | Construir | Gate |
| 24:37 | Construir | Stone Wall |
| 24:40 | Crear | Villager (Male) |
| 24:53 | Construir | Farm |
| 24:54 | Construir | Farm |
| 24:55 | Construir | Farm |
| 24:56 | Construir | Farm |
| 25:20 | Crear | Villager (Male) |
| 25:26 | Construir | Farm |
| 25:45 | Construir | Farm |
| 25:46 | Crear | Villager (Male) |
| 26:06 | Crear | Villager (Male) |
| 26:09 | Construir | Farm |
| 26:36 | Crear | Villager (Male) |
| 26:36 | Crear | Villager (Male) |
| 26:47 | Construir | Farm |
| 26:48 | Crear | Villager (Male) |
| 27:10 | Crear | Villager (Male) |
| 27:21 | Crear | Villager (Male) |
| 28:00 | Crear | Villager (Male) |
| 28:19 | Crear | Villager (Male) |
| 28:19 | Crear | Villager (Male) |
| 28:20 | Crear | Villager (Male) |
| 28:23 | Construir | Town Center |
| 29:30 | Crear | Villager (Male) |
| 29:30 | Crear | Villager (Male) |
| 29:30 | Crear | Villager (Male) |
| 29:41 | Crear | Villager (Male) |
| 29:56 | Crear | Villager (Male) |
| 29:56 | Crear | Villager (Male) |
| 30:28 | Construir | Town Center |
| 30:30 | Investigar | Gold Mining |
| 30:41 | Construir | Farm |
| 30:44 | Crear | Villager (Male) |
| 30:55 | Construir | Town Center |
| 31:08 | Crear | Villager (Male) |
| 31:09 | Crear | Villager (Male) |
| 31:14 | Construir | Farm |
| 31:16 | Construir | Farm |
| 31:20 | Construir | Farm |
| 31:22 | Construir | Farm |
| 31:26 | Construir | House |
| 31:27 | Construir | House |
| 31:28 | Construir | House |
| 31:29 | Crear | Villager (Male) |
| 31:29 | Crear | Villager (Male) |
Build order — EL MAYA
Primeras 150 de 199 acciones detectadas
| 0:02 | Crear | Villager (Male) |
| 0:02 | Crear | Villager (Male) |
| 0:03 | Crear | Villager (Male) |
| 0:03 | Crear | Villager (Male) |
| 0:04 | Construir | House |
| 0:06 | Construir | House |
| 1:23 | Crear | Villager (Male) |
| 1:23 | Crear | Villager (Male) |
| 2:01 | Crear | Villager (Male) |
| 2:02 | Crear | Villager (Male) |
| 2:11 | Crear | Villager (Male) |
| 2:11 | Crear | Villager (Male) |
| 2:38 | Crear | Villager (Male) |
| 3:16 | Crear | Villager (Male) |
| 3:16 | Crear | Villager (Male) |
| 3:17 | Crear | Villager (Male) |
| 3:26 | Construir | House |
| 4:06 | Crear | Villager (Male) |
| 4:06 | Crear | Villager (Male) |
| 4:18 | Crear | Villager (Male) |
| 4:19 | Crear | Villager (Male) |
| 4:19 | Crear | Villager (Male) |
| 4:32 | Construir | Lumber Camp |
| 4:59 | Construir | Mill |
| 5:39 | Crear | Villager (Male) |
| 5:40 | Crear | Villager (Male) |
| 5:40 | Crear | Villager (Male) |
| 5:40 | Crear | Villager (Male) |
| 5:41 | Crear | Villager (Male) |
| 6:04 | Construir | House |
| 6:06 | Construir | House |
| 7:34 | Crear | Villager (Male) |
| 7:34 | Crear | Villager (Male) |
| 7:35 | Crear | Villager (Male) |
| 8:42 | Crear | Villager (Male) |
| 8:42 | Crear | Villager (Male) |
| 8:53 | Investigar | Feudal Age |
| 9:53 | Crear | Villager (Male) |
| 9:57 | Crear | Villager (Male) |
| 9:57 | Investigar | Loom |
| 11:10 | Edad | Edad Feudal |
| 11:19 | Construir | Mining Camp |
| 11:35 | Construir | Market |
| 11:42 | Construir | Blacksmith |
| 12:22 | Construir | Mining Camp |
| 12:29 | Investigar | Castle Age |
| 12:29 | Investigar | Castle Age |
| 12:47 | Investigar | Double-Bit Axe |
| 14:08 | Construir | Farm |
| 14:15 | Construir | Farm |
| 14:23 | Construir | Farm |
| 14:24 | Crear | Villager (Male) |
| 14:24 | Crear | Villager (Male) |
| 14:25 | Crear | Villager (Male) |
| 14:45 | Construir | Farm |
| 15:01 | Construir | Farm |
| 15:02 | Construir | Farm |
| 15:03 | Crear | Villager (Male) |
| 15:09 | Edad | Edad de los Castillos |
| 15:18 | Crear | Villager (Male) |
| 15:18 | Crear | Villager (Male) |
| 15:39 | Investigar | Fletching |
| 15:58 | Construir | Castle |
| 16:07 | Crear | Villager (Male) |
| 16:07 | Crear | Villager (Male) |
| 16:10 | Construir | Farm |
| 16:34 | Crear | Villager (Male) |
| 16:34 | Crear | Villager (Male) |
| 16:44 | Construir | Mining Camp |
| 17:16 | Crear | Mameluke |
| 18:27 | Crear | Villager (Male) |
| 18:27 | Crear | Villager (Male) |
| 18:28 | Crear | Villager (Male) |
| 18:28 | Crear | Villager (Male) |
| 18:28 | Crear | Villager (Male) |
| 18:37 | Crear | Villager (Male) |
| 18:37 | Crear | Villager (Male) |
| 18:37 | Crear | Villager (Male) |
| 18:38 | Crear | Villager (Male) |
| 18:44 | Crear | Villager (Male) |
| 18:44 | Crear | Villager (Male) |
| 19:11 | Construir | Siege Workshop |
| 19:12 | Crear | Villager (Male) |
| 19:12 | Crear | Villager (Male) |
| 19:30 | Investigar | Bow Saw |
| 19:30 | Investigar | Bow Saw |
| 19:31 | Crear | Villager (Male) |
| 19:57 | Crear | Mangonel |
| 19:57 | Crear | Mangonel |
| 20:04 | Crear | Villager (Male) |
| 20:04 | Crear | Villager (Male) |
| 20:11 | Crear | Villager (Male) |
| 20:30 | Construir | Castle |
| 21:03 | Investigar | Bodkin Arrow |
| 21:04 | Investigar | Bodkin Arrow |
| 21:40 | Crear | Battering Ram |
| 21:40 | Crear | Battering Ram |
| 21:56 | Crear | Villager (Male) |
| 21:56 | Crear | Villager (Male) |
| 21:58 | Crear | Villager (Male) |
| 21:58 | Crear | Villager (Male) |
| 22:40 | Crear | Mangonel |
| 22:40 | Crear | Mangonel |
| 23:11 | Crear | Villager (Male) |
| 23:12 | Crear | Villager (Male) |
| 23:12 | Crear | Villager (Male) |
| 23:12 | Crear | Villager (Male) |
| 24:21 | Crear | Villager (Male) |
| 24:21 | Crear | Villager (Male) |
| 24:21 | Crear | Villager (Male) |
| 24:21 | Crear | Villager (Male) |
| 25:09 | Crear | Battering Ram |
| 25:09 | Crear | Battering Ram |
| 25:41 | Crear | Villager (Male) |
| 25:41 | Crear | Villager (Male) |
| 25:41 | Crear | Villager (Male) |
| 25:41 | Crear | Villager (Male) |
| 26:06 | Construir | Castle |
| 26:52 | Construir | Mining Camp |
| 28:18 | Crear | Villager (Male) |
| 28:19 | Crear | Villager (Male) |
| 28:19 | Crear | Villager (Male) |
| 28:19 | Crear | Villager (Male) |
| 28:20 | Crear | Villager (Male) |
| 28:20 | Crear | Villager (Male) |
| 28:20 | Crear | Villager (Male) |
| 28:24 | Investigar | Wheelbarrow |
| 28:32 | Construir | Lumber Camp |
| 28:47 | Investigar | Imperial Age |
| 28:47 | Investigar | Imperial Age |
| 30:41 | Crear | Mangonel |
| 30:41 | Crear | Mangonel |
| 31:41 | Crear | Mameluke |
| 31:41 | Crear | Mameluke ×5 |
| 31:41 | Crear | Mameluke ×4 |
| 31:52 | Construir | Town Center |
| 31:56 | Edad | Edad Imperial |
| 32:05 | Crear | Trebuchet (Packed) |
| 32:05 | Crear | Trebuchet (Packed) |
| 32:23 | Construir | Barracks |
| 32:45 | Crear | Trebuchet (Packed) |
| 33:30 | Investigar | Forging |
| 33:33 | Construir | Stable |
| 33:34 | Crear | Villager (Male) |
| 33:34 | Crear | Villager (Male) |
| 33:34 | Crear | Villager (Male) |
| 33:34 | Crear | Villager (Male) |
| 33:34 | Crear | Villager (Male) |
| 34:32 | Construir | Farm |
| 34:32 | Construir | Farm |
Build order — a_berntsen
Primeras 150 de 268 acciones detectadas
| 0:00 | Crear | Villager (Male) |
| 0:01 | Crear | Villager (Male) |
| 0:02 | Construir | House |
| 0:03 | Construir | House |
| 0:29 | Crear | Villager (Male) |
| 0:30 | Crear | Villager (Male) |
| 0:30 | Crear | Villager (Male) |
| 1:25 | Crear | Villager (Male) |
| 1:25 | Crear | Villager (Male) |
| 1:59 | Crear | Villager (Male) |
| 2:10 | Crear | Villager (Male) |
| 2:45 | Crear | Villager (Male) |
| 2:51 | Crear | Villager (Male) |
| 3:16 | Construir | Lumber Camp |
| 3:18 | Crear | Villager (Male) |
| 3:22 | Crear | Villager (Male) |
| 3:55 | Crear | Villager (Male) |
| 4:22 | Construir | House |
| 4:23 | Construir | House |
| 4:30 | Crear | Villager (Male) |
| 4:41 | Crear | Villager (Male) |
| 4:42 | Crear | Villager (Male) |
| 4:45 | Investigar | Loom |
| 5:06 | Construir | Mill |
| 5:11 | Crear | Villager (Male) |
| 5:22 | Crear | Villager (Male) |
| 5:22 | Crear | Villager (Male) |
| 6:09 | Crear | Villager (Male) |
| 6:19 | Construir | House |
| 6:26 | Crear | Villager (Male) |
| 6:52 | Crear | Villager (Male) |
| 7:18 | Construir | Mill |
| 7:32 | Crear | Villager (Male) |
| 7:33 | Crear | Villager (Male) |
| 8:26 | Investigar | Feudal Age |
| 9:28 | Construir | Farm |
| 9:31 | Construir | Farm |
| 9:38 | Construir | Farm |
| 9:47 | Crear | Villager (Male) |
| 9:47 | Crear | Villager (Male) |
| 10:56 | Edad | Edad Feudal |
| 10:56 | Investigar | Castle Age |
| 10:57 | Investigar | Castle Age |
| 11:15 | Investigar | Double-Bit Axe |
| 11:15 | Investigar | Double-Bit Axe |
| 11:36 | Investigar | Horse Collar |
| 11:45 | Construir | Farm |
| 11:48 | Construir | Farm |
| 11:57 | Construir | Farm |
| 12:04 | Crear | Villager (Male) |
| 12:56 | Crear | Villager (Male) |
| 13:36 | Edad | Edad de los Castillos |
| 13:38 | Construir | Town Center |
| 13:42 | Investigar | Bow Saw |
| 13:43 | Crear | Villager (Male) |
| 13:51 | Construir | Town Center |
| 14:06 | Construir | House |
| 14:17 | Investigar | Wheelbarrow |
| 14:46 | Crear | Villager (Male) |
| 14:47 | Crear | Villager (Male) |
| 14:54 | Construir | House |
| 14:55 | Construir | House |
| 15:03 | Crear | Villager (Male) |
| 15:12 | Investigar | Heavy Plow |
| 15:14 | Crear | Villager (Male) |
| 15:26 | Construir | Farm |
| 15:27 | Construir | Farm |
| 15:31 | Crear | Villager (Male) |
| 15:37 | Construir | Farm |
| 15:44 | Construir | Farm |
| 15:44 | Crear | Villager (Male) |
| 15:55 | Construir | House |
| 15:56 | Construir | House |
| 16:00 | Construir | Farm |
| 16:01 | Crear | Villager (Male) |
| 16:04 | Construir | Farm |
| 16:14 | Crear | Villager (Male) |
| 16:20 | Crear | Villager (Male) |
| 16:33 | Construir | Mining Camp |
| 16:35 | Crear | Villager (Male) |
| 16:35 | Crear | Villager (Male) |
| 16:42 | Crear | Villager (Male) |
| 16:42 | Crear | Villager (Male) |
| 16:59 | Construir | Stone Wall |
| 17:00 | Crear | Villager (Male) |
| 17:02 | Construir | Stone Wall |
| 17:03 | Crear | Villager (Male) |
| 17:05 | Construir | Stone Wall |
| 17:09 | Construir | Stone Wall |
| 17:11 | Crear | Villager (Male) |
| 17:12 | Crear | Villager (Male) |
| 17:26 | Construir | Stone Wall |
| 17:27 | Crear | Villager (Male) |
| 17:32 | Construir | Stone Wall |
| 17:35 | Construir | Stone Wall |
| 17:38 | Crear | Villager (Male) |
| 17:55 | Crear | Villager (Male) |
| 17:59 | Construir | Stone Wall |
| 18:06 | Construir | Farm |
| 18:07 | Construir | Farm |
| 18:09 | Construir | Farm |
| 18:10 | Construir | Farm |
| 18:14 | Crear | Villager (Male) |
| 18:18 | Construir | Stone Wall |
| 18:26 | Crear | Villager (Male) |
| 18:31 | Construir | Mining Camp |
| 18:41 | Crear | Villager (Male) |
| 18:53 | Crear | Villager (Male) |
| 19:03 | Construir | Stone Wall |
| 19:05 | Crear | Villager (Male) |
| 19:05 | Crear | Villager (Male) |
| 19:10 | Construir | Stone Wall |
| 19:15 | Crear | Villager (Male) |
| 19:20 | Crear | Villager (Male) |
| 19:24 | Construir | University |
| 19:33 | Crear | Villager (Male) |
| 19:33 | Crear | Villager (Male) |
| 19:40 | Construir | Stone Wall |
| 19:44 | Crear | Villager (Male) |
| 19:48 | Construir | Farm |
| 19:50 | Construir | Farm |
| 19:53 | Crear | Villager (Male) |
| 19:53 | Crear | Villager (Male) |
| 20:05 | Construir | Stone Wall |
| 20:08 | Construir | Stone Wall |
| 20:09 | Crear | Villager (Male) |
| 20:15 | Crear | Villager (Male) |
| 20:19 | Construir | Stone Wall |
| 20:21 | Construir | Stone Wall |
| 20:22 | Crear | Villager (Male) |
| 20:33 | Construir | Town Center |
| 20:37 | Crear | Villager (Male) |
| 20:44 | Crear | Villager (Male) |
| 20:56 | Investigar | Loom |
| 20:56 | Investigar | Loom |
| 20:57 | Crear | Villager (Male) |
| 21:03 | Crear | Villager (Male) |
| 21:13 | Crear | Villager (Male) |
| 21:13 | Crear | Villager (Male) |
| 21:20 | Construir | Stone Wall |
| 21:21 | Crear | Villager (Male) |
| 21:27 | Construir | Stone Wall |
| 21:31 | Construir | Stone Wall |
| 21:33 | Crear | Villager (Male) |
| 21:47 | Crear | Villager (Male) |
| 21:50 | Construir | Farm |
| 21:51 | Construir | Farm |
| 21:54 | Construir | Farm |
| 21:55 | Crear | Villager (Male) |
| 21:56 | Construir | Farm |
Build order — StonePleaseAoE
Primeras 150 de 447 acciones detectadas
| 0:00 | Crear | Villager (Male) |
| 0:00 | Crear | Villager (Male) |
| 0:01 | Crear | Villager (Male) |
| 0:01 | Crear | Villager (Male) |
| 0:04 | Construir | House |
| 0:07 | Construir | House |
| 0:56 | Construir | Lumber Camp |
| 1:22 | Crear | Villager (Male) |
| 1:58 | Crear | Villager (Male) |
| 1:58 | Crear | Villager (Male) |
| 2:25 | Crear | Villager (Male) |
| 2:51 | Crear | Villager (Male) |
| 2:51 | Crear | Villager (Male) |
| 3:10 | Construir | House |
| 3:10 | Construir | House |
| 3:14 | Crear | Villager (Male) |
| 3:15 | Crear | Villager (Male) |
| 3:37 | Crear | Villager (Male) |
| 3:48 | Construir | Palisade Wall |
| 3:49 | Construir | Palisade Wall |
| 3:55 | Construir | Palisade Wall |
| 3:56 | Construir | Palisade Wall |
| 3:59 | Construir | Palisade Wall |
| 4:00 | Construir | Palisade Wall |
| 4:02 | Crear | Villager (Male) |
| 4:02 | Crear | Villager (Male) |
| 4:12 | Construir | Palisade Wall |
| 4:13 | Construir | Palisade Wall |
| 4:13 | Construir | Palisade Wall |
| 4:16 | Construir | Palisade Wall |
| 4:23 | Construir | Palisade Wall |
| 4:28 | Construir | Palisade Wall |
| 4:29 | Construir | Palisade Wall |
| 4:31 | Construir | Palisade Wall |
| 4:35 | Crear | Villager (Male) |
| 4:38 | Crear | Villager (Male) |
| 4:45 | Construir | Palisade Wall |
| 5:05 | Crear | Villager (Male) |
| 5:07 | Construir | Mill |
| 5:15 | Construir | Palisade Wall |
| 5:19 | Crear | Villager (Male) |
| 5:54 | Crear | Villager (Male) |
| 6:16 | Crear | Villager (Male) |
| 6:56 | Crear | Villager (Male) |
| 7:31 | Investigar | Feudal Age |
| 8:52 | Crear | Villager (Male) |
| 9:41 | Edad | Edad Feudal |
| 9:44 | Construir | Market |
| 9:45 | Construir | Blacksmith |
| 9:50 | Investigar | Double-Bit Axe |
| 9:57 | Crear | Villager (Male) |
| 10:31 | Investigar | Castle Age |
| 10:57 | Investigar | Horse Collar |
| 10:57 | Investigar | Horse Collar |
| 11:19 | Crear | Villager (Male) |
| 11:33 | Construir | Farm |
| 11:50 | Construir | Farm |
| 11:53 | Construir | Farm |
| 11:56 | Construir | Farm |
| 12:30 | Construir | House |
| 13:11 | Edad | Edad de los Castillos |
| 13:13 | Construir | Town Center |
| 13:18 | Crear | Villager (Male) |
| 13:28 | Construir | Town Center |
| 13:49 | Crear | Villager (Male) |
| 13:59 | Investigar | Bow Saw |
| 14:15 | Crear | Villager (Male) |
| 14:30 | Crear | Villager (Male) |
| 14:31 | Crear | Villager (Male) |
| 14:48 | Crear | Villager (Male) |
| 14:48 | Crear | Villager (Male) |
| 14:57 | Construir | Monastery |
| 15:03 | Crear | Villager (Male) |
| 15:10 | Construir | Farm |
| 15:19 | Crear | Villager (Male) |
| 15:19 | Crear | Villager (Male) |
| 15:24 | Crear | Monk |
| 15:29 | Crear | Villager (Male) |
| 15:34 | Construir | Farm |
| 15:35 | Construir | Farm |
| 15:37 | Construir | Farm |
| 15:39 | Construir | Farm |
| 15:41 | Crear | Villager (Male) |
| 15:44 | Construir | Farm |
| 15:57 | Construir | Farm |
| 16:05 | Construir | Farm |
| 16:06 | Crear | Villager (Male) |
| 16:12 | Construir | Farm |
| 16:15 | Construir | House |
| 16:17 | Construir | House |
| 16:26 | Crear | Villager (Male) |
| 16:32 | Construir | Farm |
| 16:39 | Crear | Villager (Male) |
| 16:48 | Construir | Farm |
| 16:50 | Crear | Villager (Male) |
| 16:51 | Construir | Farm |
| 16:54 | Construir | Farm |
| 16:55 | Construir | Farm |
| 16:56 | Construir | Farm |
| 16:58 | Crear | Villager (Male) |
| 17:02 | Crear | Monk |
| 17:14 | Construir | Farm |
| 17:15 | Construir | Farm |
| 17:17 | Construir | Farm |
| 17:21 | Crear | Villager (Male) |
| 17:22 | Crear | Villager (Male) |
| 17:24 | Construir | House |
| 17:31 | Crear | Villager (Male) |
| 17:42 | Crear | Villager (Male) |
| 17:43 | Crear | Villager (Male) |
| 17:50 | Crear | Villager (Male) |
| 17:50 | Crear | Villager (Male) |
| 17:55 | Construir | Farm |
| 17:58 | Construir | Lumber Camp |
| 18:01 | Construir | House |
| 18:02 | Construir | House |
| 18:12 | Investigar | Wheelbarrow |
| 18:14 | Crear | Villager (Male) |
| 18:16 | Crear | Villager (Male) |
| 18:23 | Construir | Farm |
| 18:25 | Construir | Farm |
| 18:30 | Investigar | Heavy Plow |
| 18:30 | Investigar | Heavy Plow |
| 18:37 | Crear | Villager (Male) |
| 18:37 | Crear | Villager (Male) |
| 18:45 | Crear | Villager (Male) |
| 18:50 | Crear | Villager (Male) |
| 19:01 | Construir | House |
| 19:02 | Construir | House |
| 19:03 | Construir | Farm |
| 19:07 | Construir | Farm |
| 19:08 | Crear | Villager (Male) |
| 19:08 | Crear | Villager (Male) |
| 19:13 | Crear | Villager (Male) |
| 19:18 | Construir | Barracks |
| 19:27 | Crear | Villager (Male) |
| 19:50 | Construir | Siege Workshop |
| 19:52 | Crear | Villager (Male) |
| 19:52 | Crear | Villager (Male) |
| 19:52 | Crear | Villager (Male) |
| 19:55 | Crear | Villager (Male) |
| 19:56 | Crear | Villager (Male) |
| 19:56 | Crear | Villager (Male) |
| 19:56 | Crear | Villager (Male) |
| 19:57 | Crear | Villager (Male) |
| 20:14 | Construir | House |
| 20:17 | Investigar | Hand Cart |
| 20:18 | Investigar | Hand Cart |
| 20:20 | Crear | Spearman |
| 20:20 | Crear | Villager (Male) |
Build order — araña mela del burro
Primeras 150 de 358 acciones detectadas
| 0:02 | Crear | Villager (Male) |
| 0:02 | Crear | Villager (Male) |
| 0:02 | Crear | Villager (Male) |
| 0:06 | Construir | House |
| 0:09 | Crear | Villager (Male) |
| 0:10 | Crear | Villager (Male) |
| 0:31 | Construir | House |
| 0:31 | Construir | House |
| 0:32 | Construir | House |
| 0:58 | Construir | Mill |
| 1:43 | Investigar | Loom |
| 2:02 | Crear | Villager (Male) |
| 2:03 | Crear | Villager (Male) |
| 2:18 | Crear | Villager (Male) |
| 2:18 | Crear | Villager (Male) |
| 2:38 | Crear | Villager (Male) |
| 2:38 | Crear | Villager (Male) |
| 2:53 | Crear | Villager (Male) |
| 2:53 | Crear | Villager (Male) |
| 3:11 | Crear | Villager (Male) |
| 3:11 | Crear | Villager (Male) |
| 3:52 | Crear | Villager (Male) |
| 3:52 | Crear | Villager (Male) |
| 4:22 | Crear | Villager (Male) |
| 4:22 | Crear | Villager (Male) |
| 4:38 | Crear | Villager (Male) |
| 4:39 | Crear | Villager (Male) |
| 4:56 | Crear | Villager (Male) |
| 4:57 | Crear | Villager (Male) |
| 5:01 | Crear | Villager (Male) |
| 5:01 | Crear | Villager (Male) |
| 5:12 | Crear | Villager (Male) |
| 5:12 | Crear | Villager (Male) |
| 5:13 | Crear | Villager (Male) |
| 5:26 | Construir | Lumber Camp |
| 5:37 | Crear | Villager (Male) |
| 5:37 | Crear | Villager (Male) |
| 6:27 | Crear | Villager (Male) |
| 6:28 | Crear | Villager (Male) |
| 6:47 | Investigar | Feudal Age |
| 6:47 | Investigar | Feudal Age |
| 6:47 | Investigar | Feudal Age |
| 8:02 | Crear | Villager (Male) |
| 8:02 | Crear | Villager (Male) |
| 8:02 | Crear | Villager (Male) |
| 8:19 | Construir | House |
| 8:21 | Construir | House |
| 8:22 | Construir | House |
| 8:53 | Crear | Villager (Male) |
| 8:57 | Edad | Edad Feudal |
| 9:07 | Construir | Market |
| 9:12 | Construir | Blacksmith |
| 9:14 | Crear | Villager (Male) |
| 9:14 | Crear | Villager (Male) |
| 9:24 | Investigar | Horse Collar |
| 9:30 | Construir | Mining Camp |
| 10:19 | Crear | Villager (Male) |
| 10:37 | Crear | Villager (Male) |
| 10:37 | Crear | Villager (Male) |
| 10:38 | Crear | Villager (Male) |
| 10:48 | Crear | Villager (Male) |
| 10:48 | Crear | Villager (Male) |
| 10:49 | Crear | Villager (Male) |
| 10:57 | Construir | Farm |
| 10:58 | Construir | Farm |
| 10:58 | Construir | Farm |
| 11:00 | Construir | Farm |
| 11:01 | Construir | Farm |
| 11:09 | Construir | Farm |
| 11:09 | Construir | Farm |
| 11:10 | Construir | Farm |
| 11:10 | Construir | Farm |
| 11:10 | Construir | Farm |
| 11:10 | Construir | Farm |
| 11:10 | Construir | Farm |
| 11:11 | Construir | Farm |
| 11:11 | Construir | Farm |
| 11:11 | Construir | Farm |
| 11:11 | Construir | Farm |
| 11:12 | Construir | Farm |
| 11:12 | Construir | Farm |
| 11:12 | Construir | Farm |
| 11:12 | Construir | Farm |
| 11:13 | Construir | Farm |
| 11:13 | Construir | Farm |
| 11:13 | Construir | Farm |
| 11:13 | Construir | Farm |
| 11:13 | Construir | Farm |
| 11:14 | Construir | Farm |
| 11:14 | Construir | Farm |
| 11:53 | Crear | Villager (Male) |
| 12:10 | Crear | Villager (Male) |
| 12:59 | Crear | Villager (Male) |
| 13:33 | Crear | Villager (Male) |
| 14:13 | Investigar | Castle Age |
| 14:13 | Investigar | Castle Age |
| 14:38 | Construir | Farm |
| 14:38 | Construir | Farm |
| 14:38 | Construir | Farm |
| 15:14 | Crear | Villager (Male) |
| 15:19 | Investigar | Double-Bit Axe |
| 15:20 | Investigar | Double-Bit Axe |
| 15:50 | Crear | Villager (Male) |
| 16:01 | Crear | Villager (Male) |
| 16:19 | Crear | Villager (Male) |
| 16:27 | Investigar | Wheelbarrow |
| 16:29 | Crear | Villager (Male) |
| 16:53 | Edad | Edad de los Castillos |
| 16:55 | Construir | Siege Workshop |
| 16:59 | Construir | Monastery |
| 17:02 | Crear | Villager (Male) |
| 17:24 | Crear | Villager (Male) |
| 17:26 | Crear | Armored Elephant |
| 17:26 | Crear | Armored Elephant |
| 17:27 | Crear | Armored Elephant |
| 17:27 | Crear | Armored Elephant |
| 17:49 | Crear | Monk |
| 17:49 | Crear | Monk |
| 17:56 | Construir | House |
| 17:56 | Construir | House |
| 17:56 | Construir | House |
| 17:56 | Construir | House |
| 17:56 | Construir | House |
| 17:57 | Construir | House |
| 17:57 | Construir | House |
| 18:00 | Crear | Armored Elephant |
| 18:00 | Crear | Armored Elephant |
| 18:06 | Crear | Villager (Male) |
| 18:45 | Construir | Barracks |
| 18:55 | Crear | Monk |
| 19:03 | Crear | Armored Elephant |
| 19:03 | Crear | Armored Elephant |
| 19:38 | Crear | Armored Elephant |
| 19:39 | Crear | Armored Elephant |
| 20:04 | Construir | Stable |
| 20:08 | Crear | Monk |
| 20:35 | Crear | Armored Elephant |
| 20:36 | Crear | Armored Elephant |
| 20:36 | Crear | Armored Elephant |
| 20:44 | Crear | Villager (Male) |
| 20:44 | Crear | Villager (Male) |
| 20:44 | Crear | Villager (Male) |
| 20:45 | Crear | Villager (Male) |
| 20:45 | Crear | Villager (Male) |
| 20:45 | Crear | Villager (Male) |
| 20:45 | Crear | Villager (Male) |
| 21:17 | Crear | Villager (Male) |
| 21:40 | Crear | Monk |
| 22:16 | Construir | House |
| 22:17 | Construir | House |
Build order — AncientKing
Primeras 150 de 241 acciones detectadas
| 0:04 | Crear | Villager (Male) ×4 |
| 0:05 | Construir | House |
| 0:07 | Construir | House |
| 1:44 | Crear | Villager (Male) |
| 1:52 | Construir | Lumber Camp |
| 2:07 | Crear | Villager (Male) |
| 2:23 | Crear | Villager (Male) |
| 2:53 | Crear | Villager (Male) |
| 3:08 | Crear | Villager (Male) |
| 3:20 | Construir | House |
| 3:21 | Construir | House |
| 3:39 | Crear | Villager (Male) |
| 3:55 | Construir | House |
| 3:56 | Construir | House |
| 4:08 | Crear | Villager (Male) |
| 4:50 | Crear | Villager (Male) |
| 4:58 | Construir | Mill |
| 5:06 | Crear | Villager (Male) |
| 5:22 | Crear | Villager (Male) |
| 5:46 | Construir | Mill |
| 6:07 | Crear | Villager (Male) |
| 6:07 | Crear | Villager (Male) |
| 6:23 | Crear | Villager (Male) |
| 6:23 | Crear | Villager (Male) |
| 7:07 | Crear | Villager (Male) |
| 7:56 | Crear | Villager (Male) |
| 8:13 | Construir | Mining Camp |
| 8:17 | Crear | Villager (Male) |
| 8:49 | Construir | Mining Camp |
| 8:56 | Crear | Villager (Male) |
| 9:04 | Investigar | Feudal Age |
| 10:02 | Crear | Villager (Male) |
| 10:02 | Crear | Villager (Male) |
| 11:19 | Construir | Farm |
| 11:19 | Construir | Farm |
| 11:19 | Construir | Farm |
| 11:37 | Edad | Edad Feudal |
| 11:38 | Construir | Market |
| 12:15 | Construir | Blacksmith |
| 12:19 | Investigar | Double-Bit Axe |
| 12:28 | Crear | Villager (Male) |
| 12:44 | Investigar | Castle Age |
| 12:45 | Investigar | Castle Age |
| 13:10 | Construir | House |
| 14:18 | Construir | Farm |
| 14:20 | Construir | Farm |
| 14:23 | Construir | Farm |
| 14:36 | Investigar | Loom |
| 15:33 | Edad | Edad de los Castillos |
| 15:41 | Crear | Villager (Male) |
| 15:43 | Construir | Town Center |
| 16:17 | Crear | Villager (Male) |
| 16:17 | Crear | Villager (Male) |
| 16:22 | Construir | Farm |
| 16:25 | Investigar | Fletching |
| 16:28 | Investigar | Bow Saw |
| 16:37 | Construir | Farm |
| 16:41 | Construir | Farm |
| 17:18 | Construir | Castle |
| 17:22 | Crear | Villager (Male) |
| 17:22 | Crear | Villager (Male) |
| 17:26 | Construir | House |
| 17:38 | Construir | University |
| 17:48 | Construir | Farm |
| 17:52 | Construir | Farm |
| 17:54 | Construir | Farm |
| 17:56 | Crear | Villager (Male) |
| 18:26 | Crear | Villager (Male) |
| 18:30 | Crear | Villager (Male) |
| 18:32 | Construir | Farm |
| 18:41 | Investigar | Horse Collar |
| 18:51 | Investigar | Ballistics |
| 18:55 | Crear | Villager (Male) |
| 18:56 | Crear | Villager (Male) |
| 18:59 | Construir | Farm |
| 19:19 | Crear | Rattan Archer |
| 19:42 | Crear | Rattan Archer |
| 19:47 | Investigar | Bodkin Arrow |
| 19:59 | Crear | Rattan Archer |
| 20:01 | Crear | Rattan Archer |
| 20:18 | Crear | Rattan Archer |
| 20:36 | Crear | Villager (Male) |
| 20:37 | Crear | Villager (Male) |
| 20:38 | Crear | Rattan Archer |
| 20:40 | Investigar | Padded Archer Armor |
| 20:41 | Investigar | Padded Archer Armor |
| 21:13 | Crear | Villager (Male) |
| 21:20 | Construir | Siege Workshop |
| 21:30 | Construir | Stone Wall |
| 21:52 | Crear | Villager (Male) |
| 21:53 | Crear | Villager (Male) |
| 21:55 | Crear | Mangonel |
| 22:30 | Crear | Rattan Archer |
| 22:34 | Crear | Villager (Male) |
| 22:34 | Crear | Villager (Male) |
| 22:48 | Crear | Villager (Male) |
| 22:48 | Crear | Villager (Male) |
| 22:54 | Construir | Farm |
| 22:59 | Crear | Villager (Male) |
| 23:02 | Crear | Villager (Male) |
| 23:12 | Construir | Lumber Camp |
| 23:26 | Construir | Castle |
| 23:31 | Crear | Rattan Archer |
| 23:32 | Crear | Rattan Archer |
| 23:32 | Crear | Rattan Archer |
| 23:32 | Crear | Rattan Archer |
| 23:54 | Crear | Villager (Male) |
| 23:54 | Crear | Villager (Male) |
| 23:54 | Crear | Villager (Male) |
| 23:57 | Construir | Farm |
| 24:00 | Construir | Farm |
| 24:02 | Construir | Farm |
| 24:05 | Investigar | Wheelbarrow |
| 24:05 | Investigar | Wheelbarrow |
| 24:05 | Crear | Villager (Male) |
| 24:07 | Crear | Rattan Archer |
| 24:38 | Crear | Rattan Archer |
| 24:48 | Crear | Villager (Male) |
| 24:48 | Crear | Villager (Male) |
| 24:50 | Crear | Rattan Archer |
| 24:50 | Crear | Rattan Archer |
| 24:51 | Crear | Rattan Archer |
| 24:55 | Crear | Villager (Male) |
| 24:56 | Crear | Villager (Male) |
| 25:12 | Investigar | Gold Mining |
| 25:25 | Crear | Rattan Archer |
| 25:25 | Crear | Rattan Archer |
| 25:45 | Crear | Rattan Archer |
| 25:45 | Crear | Rattan Archer |
| 25:47 | Crear | Villager (Male) |
| 25:48 | Crear | Villager (Male) |
| 25:49 | Crear | Villager (Male) |
| 25:58 | Crear | Rattan Archer |
| 26:17 | Investigar | Leather Archer Armor |
| 26:31 | Crear | Villager (Male) |
| 26:31 | Crear | Villager (Male) |
| 27:11 | Crear | Rattan Archer |
| 27:12 | Crear | Rattan Archer |
| 27:26 | Crear | Rattan Archer |
| 27:26 | Crear | Rattan Archer |
| 27:27 | Crear | Rattan Archer |
| 27:27 | Crear | Rattan Archer |
| 27:27 | Crear | Rattan Archer |
| 27:29 | Crear | Villager (Male) ×5 |
| 27:57 | Crear | Rattan Archer ×2 |
| 28:03 | Crear | Villager (Male) |
| 28:03 | Crear | Villager (Male) |
| 28:03 | Crear | Villager (Male) |
| 28:10 | Construir | Town Center |
| 28:20 | Construir | Mining Camp |
Cronología de la partida
| 3:48 | StonePleaseAoE · wall_segment Palisade Wall x1 |
| 3:49 | StonePleaseAoE · wall_segment Palisade Wall x1 |
| 3:55 | StonePleaseAoE · wall_segment Palisade Wall x1 |
| 3:56 | StonePleaseAoE · wall_segment Palisade Wall x1 |
| 3:59 | StonePleaseAoE · wall_segment Palisade Wall x1 |
| 4:00 | StonePleaseAoE · wall_segment Palisade Wall x1 |
| 4:12 | StonePleaseAoE · wall_segment Palisade Wall x1 |
| 4:13 | StonePleaseAoE · wall_segment Palisade Wall x1 |
| 4:13 | StonePleaseAoE · wall_segment Palisade Wall x1 |
| 4:16 | StonePleaseAoE · wall_segment Palisade Wall x1 |
| 4:23 | StonePleaseAoE · wall_segment Palisade Wall x1 |
| 4:28 | StonePleaseAoE · wall_segment Palisade Wall x1 |
| 4:29 | StonePleaseAoE · wall_segment Palisade Wall x1 |
| 4:31 | StonePleaseAoE · wall_segment Palisade Wall x1 |
| 4:45 | StonePleaseAoE · wall_segment Palisade Wall x1 |
| 5:15 | StonePleaseAoE · wall_segment Palisade Wall x1 |
| 8:25 | Boomnoob · first_building Barracks |
| 8:28 | MANQUELINI · first_building Barracks |
| 8:31 | MANQUELINI · age_up feudal |
| 8:57 | araña mela del burro · age_up feudal |
| 9:00 | Boomnoob · age_up feudal |
| 9:31 | Boomnoob · first_building Archery Range |
| 9:41 | StonePleaseAoE · age_up feudal |
| 10:43 | Barry's uncle · age_up feudal |
| 10:55 | Boomnoob · wall_segment Stone Wall x6 |
| 10:56 | a_berntsen · age_up feudal |
| 10:56 | Boomnoob · wall_segment Stone Wall x3 |
| 10:58 | Boomnoob · wall_segment Stone Wall x8 |
| 11:10 | EL MAYA · age_up feudal |
| 11:31 | MANQUELINI · first_building Stable |
| 11:37 | AncientKing · age_up feudal |
| 13:11 | StonePleaseAoE · age_up castle |
| 13:35 | araña mela del burro · first_market_buy 100 food |
| 13:36 | a_berntsen · age_up castle |
| 13:51 | araña mela del burro · first_market_sell 100 stone |
| 14:04 | Boomnoob · wall_segment Stone Wall x7 |
| 14:19 | Barry's uncle · age_up castle |
| 14:57 | StonePleaseAoE · first_building Monastery |
| 15:09 | EL MAYA · age_up castle |
| 15:33 | AncientKing · age_up castle |
| 15:58 | EL MAYA · first_building Castle |
| 16:53 | araña mela del burro · age_up castle |
| 16:55 | araña mela del burro · first_building Siege Workshop |
| 16:59 | a_berntsen · wall_segment Stone Wall x3 |
| 16:59 | araña mela del burro · first_building Monastery |
| 17:02 | a_berntsen · wall_segment Stone Wall x1 |
| 17:05 | a_berntsen · wall_segment Stone Wall x9 |
| 17:09 | a_berntsen · wall_segment Stone Wall x5 |
| 17:18 | AncientKing · first_building Castle |
| 17:26 | a_berntsen · wall_segment Stone Wall x6 |
| 17:32 | a_berntsen · wall_segment Stone Wall x3 |
| 17:35 | a_berntsen · wall_segment Stone Wall x2 |
| 17:59 | a_berntsen · wall_segment Stone Wall x4 |
| 18:13 | StonePleaseAoE · first_market_buy 100 food |
| 18:18 | a_berntsen · wall_segment Stone Wall x1 |
| 18:45 | araña mela del burro · first_building Barracks |
| 18:57 | EL MAYA · first_market_sell 100 wood |
| 19:03 | a_berntsen · wall_segment Stone Wall x5 |
| 19:10 | a_berntsen · wall_segment Stone Wall x5 |
| 19:11 | EL MAYA · first_building Siege Workshop |
| 19:18 | StonePleaseAoE · first_building Barracks |
| 19:22 | Barry's uncle · first_building Barracks |
| 19:40 | a_berntsen · wall_segment Stone Wall x1 |
| 19:50 | StonePleaseAoE · first_building Siege Workshop |
| 20:04 | araña mela del burro · first_building Stable |
| 20:05 | a_berntsen · wall_segment Stone Wall x1 |
| 20:08 | a_berntsen · wall_segment Stone Wall x2 |
| 20:19 | a_berntsen · wall_segment Stone Wall x8 |
| 20:21 | a_berntsen · wall_segment Stone Wall x3 |
| 21:15 | AncientKing · first_market_buy 100 wood |
| 21:20 | a_berntsen · wall_segment Stone Wall x6 |
| 21:20 | AncientKing · first_building Siege Workshop |
| 21:27 | a_berntsen · wall_segment Stone Wall x1 |
| 21:30 | AncientKing · wall_segment Stone Wall x7 |
| 21:31 | a_berntsen · wall_segment Stone Wall x4 |
| 21:41 | Boomnoob · age_up castle |
| 22:15 | a_berntsen · first_building Castle |
| 23:19 | a_berntsen · first_building Siege Workshop |
| 24:11 | Barry's uncle · wall_segment Stone Wall x1 |
| 24:11 | a_berntsen · wall_segment Stone Wall x4 |
| 24:37 | Barry's uncle · wall_segment Stone Wall x1 |
| 24:53 | StonePleaseAoE · first_market_sell 500 wood |
| 25:11 | StonePleaseAoE · first_building Castle |
| 25:16 | a_berntsen · wall_segment Stone Wall x4 |
| 26:02 | a_berntsen · tribute_sent a jugador 1 |
| 26:02 | a_berntsen · tribute_sent a jugador 2 |
| 26:02 | a_berntsen · tribute_sent a jugador 3 |
| 26:02 | a_berntsen · tribute_sent a jugador 5 |
| 26:02 | a_berntsen · tribute_sent a jugador 6 |
| 26:02 | a_berntsen · tribute_sent a jugador 7 |
| 26:02 | a_berntsen · tribute_sent a jugador 8 |
| 26:16 | MANQUELINI · age_up castle |
| 26:16 | AncientKing · first_market_sell 100 wood |
| 27:04 | a_berntsen · tribute_sent a jugador 1 |
| 27:04 | a_berntsen · tribute_sent a jugador 2 |
| 27:04 | a_berntsen · tribute_sent a jugador 3 |
| 27:04 | a_berntsen · tribute_sent a jugador 5 |
| 27:04 | a_berntsen · tribute_sent a jugador 6 |
| 27:04 | a_berntsen · tribute_sent a jugador 7 |
| 27:04 | a_berntsen · tribute_sent a jugador 8 |
| 27:44 | a_berntsen · tribute_sent a jugador 1 |
| 27:44 | a_berntsen · tribute_sent a jugador 2 |
| 27:44 | a_berntsen · tribute_sent a jugador 3 |
| 27:44 | a_berntsen · tribute_sent a jugador 5 |
| 27:44 | a_berntsen · tribute_sent a jugador 6 |
| 27:44 | a_berntsen · tribute_sent a jugador 7 |
| 27:44 | a_berntsen · tribute_sent a jugador 8 |
| 27:56 | a_berntsen · wall_segment Stone Wall x7 |
| 28:32 | a_berntsen · tribute_sent a jugador 1 |
| 28:32 | a_berntsen · tribute_sent a jugador 2 |
| 28:32 | a_berntsen · tribute_sent a jugador 3 |
| 28:32 | a_berntsen · tribute_sent a jugador 5 |
| 28:32 | a_berntsen · tribute_sent a jugador 6 |
| 28:32 | a_berntsen · tribute_sent a jugador 7 |
| 28:32 | a_berntsen · tribute_sent a jugador 8 |
| 28:42 | EL MAYA · first_market_buy 100 food |
| 29:35 | a_berntsen · wall_segment Stone Wall x9 |
| 29:41 | StonePleaseAoE · age_up imperial |
| 29:48 | a_berntsen · wall_segment Stone Wall x3 |
| 29:59 | a_berntsen · wall_segment Stone Wall x4 |
| 30:13 | a_berntsen · tribute_sent a jugador 1 |
| 30:13 | a_berntsen · tribute_sent a jugador 2 |
| 30:13 | a_berntsen · tribute_sent a jugador 3 |
| 30:13 | a_berntsen · tribute_sent a jugador 5 |
| 30:13 | a_berntsen · tribute_sent a jugador 6 |
| 30:13 | a_berntsen · tribute_sent a jugador 7 |
| 30:13 | a_berntsen · tribute_sent a jugador 8 |
| 30:19 | a_berntsen · wall_segment Stone Wall x6 |
| 30:22 | AncientKing · tribute_sent a jugador 1 |
| 30:22 | AncientKing · tribute_sent a jugador 2 |
| 30:22 | AncientKing · tribute_sent a jugador 3 |
| 30:22 | AncientKing · tribute_sent a jugador 4 |
| 30:22 | AncientKing · tribute_sent a jugador 5 |
| 30:22 | AncientKing · tribute_sent a jugador 6 |
| 30:22 | AncientKing · tribute_sent a jugador 7 |
| 30:46 | a_berntsen · wall_segment Stone Wall x3 |
| 30:51 | a_berntsen · wall_segment Stone Wall x3 |
| 31:10 | a_berntsen · wall_segment Stone Wall x1 |
| 31:14 | a_berntsen · wall_segment Stone Wall x9 |
| 31:19 | a_berntsen · first_market_sell 500 food |
| 31:21 | a_berntsen · first_market_buy 500 stone |
| 31:35 | a_berntsen · wall_segment Stone Wall x8 |
| 31:42 | a_berntsen · wall_segment Stone Wall x3 |
| 31:55 | a_berntsen · wall_segment Stone Wall x3 |
| 31:55 | AncientKing · first_building Barracks |
| 31:56 | EL MAYA · age_up imperial |
| 32:20 | a_berntsen · wall_segment Stone Wall x8 |
| 32:23 | EL MAYA · first_building Barracks |
| 32:49 | a_berntsen · tribute_sent a jugador 1 |
| 32:49 | a_berntsen · tribute_sent a jugador 2 |
| 32:49 | a_berntsen · tribute_sent a jugador 3 |
| 32:49 | a_berntsen · tribute_sent a jugador 5 |
| 32:49 | a_berntsen · tribute_sent a jugador 6 |
| 32:49 | a_berntsen · tribute_sent a jugador 7 |
| 32:49 | a_berntsen · tribute_sent a jugador 8 |
| 33:10 | AncientKing · first_building Archery Range |
| 33:33 | EL MAYA · first_building Stable |
| 33:39 | Boomnoob · first_building Monastery |
| 34:00 | StonePleaseAoE · tribute_sent a jugador 1 |
| 34:00 | StonePleaseAoE · tribute_sent a jugador 2 |
| 34:00 | StonePleaseAoE · tribute_sent a jugador 3 |
| 34:00 | StonePleaseAoE · tribute_sent a jugador 4 |
| 34:00 | StonePleaseAoE · tribute_sent a jugador 5 |
| 34:00 | StonePleaseAoE · tribute_sent a jugador 7 |
| 34:00 | StonePleaseAoE · tribute_sent a jugador 8 |
| 34:15 | StonePleaseAoE · tribute_sent a jugador 1 |
| 34:15 | StonePleaseAoE · tribute_sent a jugador 2 |
| 34:15 | StonePleaseAoE · tribute_sent a jugador 3 |
| 34:15 | StonePleaseAoE · tribute_sent a jugador 4 |
| 34:15 | StonePleaseAoE · tribute_sent a jugador 5 |
| 34:15 | StonePleaseAoE · tribute_sent a jugador 7 |
| 34:15 | StonePleaseAoE · tribute_sent a jugador 8 |
| 34:17 | a_berntsen · tribute_sent a jugador 1 |
| 34:17 | a_berntsen · tribute_sent a jugador 2 |
| 34:17 | a_berntsen · tribute_sent a jugador 3 |
| 34:17 | a_berntsen · tribute_sent a jugador 5 |
| 34:17 | a_berntsen · tribute_sent a jugador 6 |
| 34:17 | a_berntsen · tribute_sent a jugador 7 |
| 34:17 | a_berntsen · tribute_sent a jugador 8 |
| 34:27 | StonePleaseAoE · tribute_sent a jugador 1 |
| 34:27 | StonePleaseAoE · tribute_sent a jugador 2 |
| 34:27 | StonePleaseAoE · tribute_sent a jugador 3 |
| 34:27 | StonePleaseAoE · tribute_sent a jugador 4 |
| 34:27 | StonePleaseAoE · tribute_sent a jugador 5 |
| 34:27 | StonePleaseAoE · tribute_sent a jugador 7 |
| 34:27 | StonePleaseAoE · tribute_sent a jugador 8 |
| 34:42 | a_berntsen · tribute_sent a jugador 1 |
| 34:42 | a_berntsen · tribute_sent a jugador 2 |
| 34:42 | a_berntsen · tribute_sent a jugador 3 |
| 34:42 | a_berntsen · tribute_sent a jugador 5 |
| 34:42 | a_berntsen · tribute_sent a jugador 6 |
| 34:42 | a_berntsen · tribute_sent a jugador 7 |
| 34:42 | a_berntsen · tribute_sent a jugador 8 |
| 35:15 | a_berntsen · wall_segment Palisade Wall x1 |
| 35:41 | StonePleaseAoE · tribute_sent a jugador 1 |
| 35:41 | StonePleaseAoE · tribute_sent a jugador 2 |
| 35:41 | StonePleaseAoE · tribute_sent a jugador 3 |
| 35:41 | StonePleaseAoE · tribute_sent a jugador 4 |
| 35:41 | StonePleaseAoE · tribute_sent a jugador 5 |
| 35:41 | StonePleaseAoE · tribute_sent a jugador 7 |
| 35:41 | StonePleaseAoE · tribute_sent a jugador 8 |
| 36:01 | AncientKing · age_up imperial |
| 36:51 | a_berntsen · resign |
| 37:30 | Boomnoob · age_up imperial |
[ ANÁLISIS IA · 1 CRÉDITO ]
¿Qué pasó realmente en esta partida?
Wolo.gg analiza cada decisión: build order, eco, micro, errores típicos por bracket. Análisis personalizado por WhatsApp o Discord en 30 segundos.
Guía civ
Persas
Perfil
MANQUELINI